 Dungeon Crawl Stone Soup version 0.30.0-18-gc0e69614cb (webtiles) character file.

Game seed: 6272683465060251642

8701 Bnni the Party-goer (level 11, 0/60 HPs)
             Began as a Vine Stalker Fighter on May 24, 2023.
             Was a Believer of Uskayaw.
             Succumbed to Amaemon's poison
             ... on level 9 of the Dungeon.
             The game lasted 00:20:24 (8722 turns).

Bnni the Party-goer (Vine Stalker Fighter)          Turns: 8722, Time: 00:20:24

Health: 0/60       AC: 26    Str: 28    XL:     11   Next: 35%
Magic:  17/19      EV:  4    Int:  8    God:    Uskayaw [**....]
Gold:   77         SH:  5    Dex: 15    Spells: 10/10 levels left

rFire   . . .        B - +2 dagger (vamp)
rCold   . . .        c - +0 buckler
rNeg    . . .        Q - +1 crystal plate armour
rPois   .            M - +2 hat {Will+}
rElec   .            o - +1 cloak
rCorr   .            t - +0 pair of gloves
SInv    .            f - +0 pair of boots
Will    ++...        (no amulet) Stlth
                     j - +4 ring of protection
HPRegen 1.10/turn    r - +6 ring of strength
MPRegen 0.16/turn

%: guardian spirit
@: lethally poisoned (0 -> -51), hasted, studying Axes, very quick
A: fangs 3, regeneration 1, magic shield, antimagic bite, no potion heal 2
a: Renounce Religion, Stomp, Line Pass


You were on level 9 of the Dungeon.
You worshipped Uskayaw.
Uskayaw was aware of your devotion.
You visited 1 branch of the dungeon, and saw 9 of its levels.
You also visited: Bailey.

You collected 1127 gold pieces.
You spent 1050 gold pieces at shops.

Inventory:

Hand Weapons
 k - a +1 dagger of venom
 v - the +4 trident "Gumidd" {spect, rPois rC- rN+++ Str-3}
   (You found it on level 3 of the Dungeon)

   Str:       It affects your strength (-3).
   rC:        It makes you vulnerable to cold.
   rPois:     It protects you from poison.
   rN:        It renders you almost immune to negative energy.
 B - a +2 vampiric dagger (weapon)
Missiles
 m - 13 curare-tipped darts
 y - 27 boomerangs (quivered)
 F - 21 poisoned darts
 H - 4 datura-tipped darts
 L - 11 atropa-tipped darts
Armour
 c - a +0 buckler (worn)
 f - a +0 pair of boots (worn)
 o - a +1 cloak (worn)
 t - a +0 pair of gloves (worn)
 M - a +2 hat of willpower (worn)
 Q - a +1 crystal plate armour (worn)
Jewellery
 j - a +4 ring of protection (left hand)
 r - a +6 ring of strength (right hand)
 J - a ring of flight
 P - a ring of see invisible
Wands
 d - a wand of flame (10)
Scrolls
 e - 2 scrolls of vulnerability {unknown}
 h - 2 scrolls of poison {unknown}
 n - a scroll of magic mapping {unknown}
 p - 3 scrolls of teleportation {unknown}
 q - 3 scrolls of fear {unknown}
 s - a scroll of torment
 x - 2 scrolls of blinking
 A - 2 scrolls of amnesia {unknown}
 C - 4 scrolls of enchant weapon {unknown}
 E - 3 scrolls of fog
 G - a scroll of immolation
Potions
 a - 8 potions of heal wounds
 b - a potion of resistance {unknown}
 g - a potion of flight {unknown}
 i - 4 potions of lignification {unknown}
 l - 3 potions of mutation {unknown}
 w - 2 potions of cancellation {unknown}
 z - a potion of magic {unknown}
 D - a potion of degeneration {unknown}
 K - a potion of invisibility {unknown}
 N - 2 potions of ambrosia {unknown}
 O - a potion of brilliance {unknown}


   Skills:
 + Level 7.8 Fighting
 + Level 8.1 Short Blades
 + Level 4.0 Throwing
 - Level 2.4 Armour
 - Level 0.3 Dodging
 + Level 5.8 Stealth
 - Level 4.0 Shields
 * Level 10.5 Invocations


You had 10 spell levels left.
You didn't know any spells.
Your spell library contained the following spells:

 Spells                   Type           Power      Damage    Failure   Level
 Freeze                   Ice            0%         1d3       100%        1
 Blink                    Tloc           0%         N/A       100%        2
 Lesser Beckoning         Tloc           0%         N/A       100%        2
 Momentum Strike          Conj/Tloc      0%         3d8       100%        2
 Frozen Ramparts          Ice            0%         1d1       100%        3
 Gell's Gravitas          Tloc           0%         N/A       100%        3
 Hailstorm                Conj/Ice       0%         3d3       100%        3
 Stone Arrow              Conj/Erth      0%         3d7       100%        3
 Teleport Other           Tloc           0%         N/A       100%        3
 Anguish                  Hex/Necr       0%         N/A       100%        4
 Cause Fear               Hex            0%         N/A       100%        4
 Ice Form                 Ice/Tmut       0%         N/A       100%        4
 Iskenderun's Mystic Bla  Conj/Tloc      0%         2d3       100%        4
 Arcjolt                  Conj/Air       0%         1d10      100%        5
 Simulacrum               Ice/Necr       0%         N/A       100%        6
 Enfeeble                 Hex            0%         N/A       100%        7


Dungeon Overview and Level Annotations

Branches:
Dungeon (9/15)             Temple (0/1) D:7            Lair (0/5) D:9
 Bailey (visited)
    Orc: D:9-12

Altars:
Cheibriados
Dithmenos
Elyvilon
Gozag
Hepliaklqana
Nemelex Xobeh
Okawaru
Qazlal
Ru
Trog
Uskayaw
Vehumet
Wu Jian
Xom
Zin
The Shining One

Shops:
D:4 :!   D:6 *

Annotations:
D:9 exclusion: orange crystal statue, Amaemon


Innate Abilities, Weirdness & Mutations

You have razor-sharp teeth.
Your natural rate of healing is unusually fast.
When hurt, damage is shared between your health and your magic reserves.
Your bite disrupts and absorbs the magic of your enemies.
Potions cannot restore your health.


Message History

Amaemon is moderately wounded.
You feel very sick. You block Amaemon's attack.
Amaemon claws you but does no damage.
Amaemon tail-slaps you but does no damage.
The orange demon stings you from afar.
You are lethally poisoned!
The orange demon poisons you!
You hit Amaemon.
You feel better.
Amaemon is moderately wounded.
You feel extremely sick. Amaemon hits you but does no damage.
Amaemon claws you but does no damage.
Amaemon tail-slaps you but does no damage.
The orange demon stings you but does no damage.
You hit Amaemon.
You feel better.
You bite Amaemon.
Amaemon's magic leaks into the air.
You drain his magic.
You feel invigorated.
Amaemon is heavily wounded.
You feel very sick.
You hit Amaemon. Your bite misses Amaemon.
Amaemon is heavily wounded.
You feel very sick. You block Amaemon's attack. Amaemon claws you.
Amaemon tail-slaps you but does no damage.
The orange demon stings you from afar.
* * * LOW HITPOINT WARNING * * *
You barely miss Amaemon. You bite Amaemon.
Amaemon's magic leaks into the air.
You drain his magic.
You feel invigorated.
Amaemon is heavily wounded.
* * * LOW HITPOINT WARNING * * *
You feel very sick.
Amaemon hits you with a +1 demon whip of venom.
* * * LOW HITPOINT WARNING * * *
You are more poisoned.
Amaemon claws you but does no damage. Amaemon tail-slaps you.
* * * LOW HITPOINT WARNING * * *
You are more poisoned.
Amaemon poisons you!
The orange demon stings you but does no damage.
Okay, then.
You feel yourself speed up.
You die...

.####..##..#).[###...#######
.......##..#.#..#....#
.......##..#.##......#
...........#.##..#####
...##..##..#.##..#..#
...##'###..#.##..#..#
...##..##..#..>..#..# ###
.......##..#.....64.# ....
.......##..#.###@#..# ..6..
.<.##..##..#.###.#.4##......
...#.............#...6......
...#..§≈≈≈...#####.........#
......##≈##..+ .....########
...#.≈#}/:#§........#
...#§§≈=8$§§.#.......
.....≈#[?:#§.#..##...
......##≈##..#.. #..#


You could see Amaemon (magic disrupted) and an orange demon.

Vanquished Creatures
  Gastronok (D:8)
  The ghost of peterlawrence the Basher, a novice MiFi of Okawaru (D:8)
  An orc knight (Bailey)
  Maggie (D:7)
  An unseen horror skeleton (D:8)
  Grinder (D:3)
  Sigmund (D:4)
  6 yaks (D:9)
  A steam dragon (D:8)
  Menkaure (D:5)
  A water moccasin (D:5)
  2 sky beasts (D:7)
  7 orc warriors
  2 ice beasts
  2 black bears
  An ogre (D:4)
  3 centaurs
  A phantom (D:5)
  7 kobold brigands
  5 scorpions
  19 wights
  6 killer bees (D:9)
  2 howler monkeys
  A spectral centaur (D:8)
  A centaur zombie (D:8)
  A jelly (D:5)
  3 orc priests
  4 hounds
  Crazy Yiuf (D:2)
  A sleepcap (D:7)
  Ijyb (D:5)
  Terence (D:2)
  4 iguanas
  9 orc wizards
  Natasha (thrice) (D:4)
  A howler monkey zombie (D:8)
  8 adders
  A shadow imp (D:7)
  2 white imps
  An ufetubus (D:4)
  A worm (D:5)
  The ghost of Heoruswealwe the Covert, a weakling GnDe (D:5)
  4 dart slugs
  35 orcs
  7 endoplasms
  A giant cockroach (D:4)
  15 goblins
  8 hobgoblins
  7 jackals
  2 quokkas
  5 ball pythons
  4 bats
  6 frilled lizards
  26 kobolds
  6 rats
244 creatures vanquished.

Notes
Turn   | Place    | Note
-------+----------+-------------------------------------------
     0 | D:1      | Bnni the Vine Stalker Fighter began the quest for the Orb.
     0 | D:1      | Reached XP level 1. HP: 11/11 MP: 2/2
   215 | D:1      | Reached XP level 2. HP: 16/16 MP: 3/3
   474 | D:1      | Found a faded altar of an unknown god.
   545 | D:1      | Reached XP level 3. HP: 20/20 MP: 4/4
  1363 | D:2      | Noticed Terence
  1377 | D:2      | Killed Terence
  1378 | D:2      | Gained mutation: Your natural rate of healing is unusually
                  | fast. [Vine Stalker growth]
  1378 | D:2      | Reached XP level 4. HP: 24/24 MP: 5/5
  1683 | D:2      | Found a runed translucent door.
  1684 | D:2      | Noticed Crazy Yiuf
  1692 | D:2      | Killed Crazy Yiuf
  1798 | D:3      | Noticed Grinder
  1816 | D:3      | Killed Grinder
  1817 | D:3      | Reached XP level 5. HP: 23/28 MP: 6/6
  1817 | D:3      | Reached XP level 6. HP: 26/32 MP: 7/7
  1990 | D:3      | Identified the +4 trident "Gumidd" {spect, rPois rC- rN+++
                  | Str-3}
  2288 | D:3      | Found a sacrificial altar of Ru.
  2290 | D:3      | Found a snail-covered altar of Cheibriados.
  2291 | D:3      | Found an opulent altar of Gozag.
  2296 | D:3      | Found a hazy altar of Hepliaklqana.
  2298 | D:3      | Found a shimmering altar of Xom.
  2299 | D:3      | Found a shadowy altar of Dithmenos.
  2301 | D:3      | Found an iron altar of Okawaru.
  2302 | D:3      | Found a hide-covered altar of Uskayaw.
  2305 | D:3      | Found a radiant altar of Vehumet.
  2307 | D:3      | Found an ornate altar of the Wu Jian Council.
  2309 | D:3      | Found a bloodstained altar of Trog.
  2310 | D:3      | Became a worshipper of Uskayaw the Reveller
  2440 | D:3      | Reached * piety under Uskayaw
  2505 | D:4      | Reached skill level 1 in Invocations
  2513 | D:4      | Reached ** piety under Uskayaw
  2520 | D:4      | Noticed Sigmund
  2520 | D:4      | Reached *** piety under Uskayaw
  2522 | D:4      | Reached **** piety under Uskayaw
  2754 | D:4      | Killed Sigmund
  2755 | D:4      | Reached skill level 5 in Short Blades
  2755 | D:4      | Reached skill level 2 in Invocations
  2755 | D:4      | Reached XP level 7. HP: 36/37 MP: 6/9
  2799 | D:4      | Noticed Natasha
  2818 | D:4      | Killed Natasha
  2831 | D:4      | Found Geuxiwu's Distillery.
  2910 | D:4      | Noticed Natasha
  2923 | D:4      | Killed Natasha
  2989 | D:4      | Reached skill level 3 in Invocations
  2991 | D:4      | Found Okixai's Book Boutique.
  2993 | D:4      | Noticed Natasha
  3004 | D:4      | Killed Natasha
  3049 | D:4      | Found a glowing golden altar of the Shining One.
  3049 | D:4      | Found a white marble altar of Elyvilon.
  3050 | D:4      | Found a glowing silver altar of Zin.
  3285 | D:5      | Entered Level 5 of the Dungeon
  3318 | D:5      | Found a stormy altar of Qazlal.
  3389 | D:5      | Found a runed translucent gate.
  3389 | D:5      | Found a runed translucent gate.
  3390 | D:5      | Found a runed translucent gate.
  3394 | D:5      | Noticed Heoruswealwe's ghost (weakling GnDe)
  3448 | D:5      | Gained mutation: You have razor-sharp teeth. [Vine Stalker
                  | growth]
  3448 | D:5      | Reached XP level 8. HP: 40/42 MP: 11/11
  3456 | D:5      | Noticed Menkaure
  3470 | D:5      | Killed Menkaure
  3477 | D:5      | Reached skill level 4 in Invocations
  3565 | D:5      | Noticed Ijyb
  3579 | D:5      | Killed Ijyb
  3659 | D:5      | HP: 2/42 [poisoned by a water moccasin]
  3664 | D:5      | HP: 1/42 [poisoned by a water moccasin]
  3669 | D:5      | HP: 2/42 [poisoned by a water moccasin]
  3836 | D:5      | Reached skill level 5 in Fighting
  3836 | D:5      | Reached skill level 5 in Invocations
  4227 | D:5      | Killed Heoruswealwe's ghost
  4338 | D:6      | Reached XP level 9. HP: 47/47 MP: 14/14
  4604 | D:6      | Reached skill level 6 in Invocations
  4611 | D:6      | Reached ***** piety under Uskayaw
  4629 | D:6      | Reached ****** piety under Uskayaw
  5018 | D:6      | You fall into a shaft and drop 3 floors!
  5052 | D:9      | Found a sparkling altar of Nemelex Xobeh.
  5205 | D:8      | Found a flagged portal.
  5224 | Bailey   | Entered a bailey
  5373 | Bailey   | Reached skill level 7 in Invocations
  5377 | Bailey   | Noticed an orc knight
  5416 | Bailey   | Killed an orc knight
  5417 | Bailey   | Reached skill level 8 in Invocations
  5417 | Bailey   | Reached XP level 10. HP: 28/53 MP: 10/17
  5494 | Bailey   | Found an iron altar of Okawaru.
  5718 | D:8      | Reached skill level 1 in Stealth
  5817 | D:8      | Found a runed translucent gate.
  5818 | D:8      | Found a runed translucent gate.
  5820 | D:8      | Found a runed translucent gate.
  5822 | D:8      | Noticed peterlawrence's ghost (novice MiFi)
  5926 | D:8      | Reached skill level 1 in Throwing
  5955 | D:8      | Noticed Gastronok
  5985 | D:8      | Killed Gastronok
  5986 | D:8      | Reached skill level 9 in Invocations
  6463 | D:8      | Killed peterlawrence's ghost
  7043 | D:7      | Got Sif Muna's Monograph on Concussion
  7117 | D:7      | Noticed Maggie
  7144 | D:7      | Killed Maggie
  7145 | D:7      | Reached XP level 11. HP: 55/58 MP: 19/19
  7227 | D:7      | Reached skill level 5 in Stealth
  7227 | D:7      | Reached skill level 10 in Invocations
  7288 | D:7      | Found a staircase to the Ecumenical Temple.
  7745 | D:6      | Found Howoc's Lightly-Used Armoury.
  7965 | D:6      | Bought a -1 crystal plate armour for 1050 gold pieces
  8387 | D:9      | Noticed an orange crystal statue
  8449 | D:9      | Found a staircase to the Lair.
  8694 | D:9      | Noticed Amaemon
  8722 | D:9      | Succumbed to Amaemon's poison

Illustrated notes

Levels and vault maps discovered:
D:1:      dpeg_arrival_simpleton_a, layout_loops_cross,
          hellmonk_ecumenical_altar_arch_garden
D:2:      layout_basic, nrook_uturn, uniq_terence, uniq_crazy_yiuf_cottage
D:3:      layout_rooms, nicolae_overflow_hallway_of_the_gods, uniq_grinder
D:4:      layout_rooms, dreamdust_divine_triumvirate, serial_shops,
          nicolae_shop_temple_entry_statues_fountains, shop, uniq_natasha,
          uniq_sigmund
D:5:      cheibrodos_thug_alley, layout_loops_ring,
          mainiacjoe_overflow_concentric_impassable, gammafunk_ghost_split,
          minmay_starry_boxes, uniq_menkaure, uniq_ijyb
D:6:      layout_loops_corners, minmay_shop_damaged, minmay_misc_feat_doors
D:7:      layout_basic, minmay_temple_entry_antechambers, minmay_manual_maat,
          uniq_maggie
D:8:      layout_cave_pods, enter_bailey_5, gammafunk_ghost_necromancy,
          uniq_gastronok
D:9:      layout_stronghold, nemelex_diamond_rough_becter, lair_entry_dummy,
          minmay_misc_feat_room, minivault_15, uniq_amaemon

Skill      XL: |  1  2  3  4  5  6  7  8  9 10 11 |
---------------+----------------------------------+-----
Shields        | 3 4 |  4.0
Short Blades   | 2 3 4 5 7 8 |  8.1
Fighting       | 3 4 5 6 7 |  7.8
Invocations    | 2 3 5 8 9 10 | 10.5
Stealth        | 4 5 |  5.8
Throwing       | 3 4 |  4.0
Armour         | |  2.4
Dodging        | |  0.3

Action                     |  1- 3 |  4- 6 |  7- 9 | 10-12 || total
---------------------------+-------+-------+-------+-------++-------
  Melee: Rapier            |    58 |       |       |       ||    58
         Bite              |    24 |    50 |   138 |   167 ||   379
         Dagger            |    50 |   143 |   413 |   415 ||  1021
  Throw: Dart              |       |       |    10 |       ||    10
 Invoke: Line Pass         |       |       |     2 |       ||     2
         Grand Finale      |       |       |     1 |       ||     1
  Evoke: Wand              |       |       |     3 |     1 ||     4
    Use: Potion            |       |     1 |     2 |     1 ||     4
         Scroll            |       |       |     6 |     3 ||     9
   Stab: Paralysed         |       |     2 |    13 |    28 ||    43
         Confused          |       |       |     1 |       ||     1
 Armour: Scale mail        |    36 |    44 |    21 |       ||   101
         Chain mail        |       |       |    76 |       ||    76
         Plate armour      |       |       |    93 |   136 ||   229
         Crystal plate arm |       |       |       |    90 ||    90
  Dodge: Dodged            |    34 |    31 |   115 |   104 ||   284
  Block: Buckler           |    22 |    19 |    79 |    73 ||   193
